 Dungeon Crawl Stone Soup version 0.23.2-1-ga50397a6bc (webtiles) character file.

Game seed: 9734552724557217382

265220 HuneSparrow the Hoplite (level 19, -31/192 HPs)
             Began as a Minotaur Fighter on Apr 15, 2019.
             Was the Champion of Makhleb.
             Killed from afar by a halazid warlock (44 damage)
             ... with a bolt of negative energy
             ... in the Desolation of Salt on Apr 18, 2019.
             The game lasted 04:10:40 (35847 turns).

HuneSparrow the Hoplite (Minotaur Fighter)         Turns: 35847, Time: 04:10:41

Health: -31/192    AC: 27    Str: 29    XL:     19   Next: 29%
Magic:  19/19      EV:  8    Int:  5    God:    Makhleb [******]
Gold:   2444       SH: 27    Dex: 10    Spells: 18/18 levels left

rFire    + + .     SeeInvis .   J - +5 scimitar (flame)
rCold    + + +     Gourm    .   n - +2 large shield {AC+3}
rNeg     . . .     Faith    .   V - +4 chain mail of Action {+Blink rC+++ Regen+ Str-3}
rPois    +         Spirit   .   o - +2 hat
rElec    .         Reflect  .   v - +0 cloak {rPois}
rCorr    .         Harm     .   g - +0 pair of gloves
MR       +....     Clarity  +   Z - +0 pair of boots
Stlth    ..........             m - amulet of Vitality {Regen+ HP+15}
HPRegen  1.22/turn              i - ring of protection from fire
MPRegen  0.16/turn              Q - ring of protection from magic

@: mighty, vulnerable, drained
A: retaliatory headbutt, horns 2, talons 1, clarity, fire resistance 1, weak 1
}: 2/15 runes: decaying, serpentine
a: Minor Destruction, Lesser Servant of Makhleb, Major Destruction, Greater
Servant of Makhleb, Renounce Religion, Evoke Blink


You were in the Desolation of Salt.
You worshipped Makhleb.
Makhleb was exalted by your worship.
You were not hungry.

You visited 8 branches of the dungeon, and saw 34 of its levels.
You also visited: Ice Cave, Volcano and Desolation.

You collected 3323 gold pieces.
You spent 879 gold pieces at shops.

Inventory:

Hand Weapons
 G - the +3 falchion of Uskayaw's Fury {slice, rF+}
   (You found it on level 7 of the Dungeon)

   It inflicts extra damage upon your enemies.
   It protects you from fire.
 J - a +5 scimitar of flaming (weapon)
 P - a +2 great sword of holy wrath
Armour
 g - a +0 pair of gloves (worn)
 n - a +2 large shield of protection (worn)
 o - a +2 hat (worn)
 v - a +0 cloak of poison resistance (worn)
 R - a +2 cloak of fire resistance
 V - the +4 chain mail of Action (worn) {+Blink rC+++ Regen+ Str-3}
   (You bought it in a shop on level 10 of the Dungeon)

   It affects your strength (-3).
   It renders you almost immune to cold.
   It lets you blink.
   It increases your rate of regeneration.
 Z - a +0 pair of boots (worn)
Jewellery
 i - a ring of protection from fire (left hand)
 m - the amulet of Vitality (around neck) {Regen+ HP+15}
   (You found it on level 15 of the Dungeon)

   [amulet of regeneration]

   It affects your health (+15).
   It increases your rate of regeneration.
 q - an uncursed ring of protection from cold
 r - an uncursed ring of flight
 s - an uncursed ring of wizardry
 L - a +4 ring of strength
 Q - a ring of protection from magic (right hand)
Wands
 I - a wand of flame (36)
 K - a wand of disintegration (6)
 O - a wand of digging (4)
Scrolls
 c - a scroll of holy word
 d - 4 scrolls of magic mapping
 e - 14 scrolls of teleportation
 j - 15 scrolls of remove curse
 t - 2 scrolls of brand weapon
 u - a scroll of torment
 w - a scroll of identify
 y - 6 scrolls of immolation
 z - a scroll of summoning {unknown}
 A - 7 scrolls of fear
 F - a scroll of blinking
 W - 4 scrolls of enchant armour
 X - 2 scrolls of silence
 Y - 2 scrolls of enchant weapon
Potions
 b - 7 potions of ambrosia
 h - 11 potions of curing
 k - 6 potions of resistance
 l - 3 potions of berserk rage
 p - 4 potions of invisibility
 x - 8 potions of flight
 B - 6 potions of might
 C - 3 potions of haste
 E - a potion of heal wounds
 H - 3 potions of lignification
 M - a potion of agility
 S - 2 potions of mutation
 T - 2 potions of brilliance
 U - 2 potions of magic
Miscellaneous
 a - a fan of gales
 D - a crystal ball of energy
 N - a lightning rod (4/4)
Comestibles
 f - 43 rations


   Skills:
 + Level 17.4(16.0) Fighting
 + Level 21.6(20.1) Long Blades
 + Level 15.6(14.3) Armour
 + Level 23.9(22.3) Shields
 - Level 1.3(0.4) Invocations
 - Level 1.2(0.3) Evocations


You had 18 spell levels left.
You didn't know any spells.
Your spell library contained the following spells:

 Spells                   Type           Power        Failure   Level  Hunger
 Animate Skeleton         Necr           N/A          95%         1    ##.....
 Apportation              Tloc           #.....       95%         1    ##.....
 Beastly Appendage        Tmut           #.....       95%         1    ##.....
 Confusing Touch          Hex            #.....       95%         1    ##.....
 Corona                   Hex            #......      95%         1    ##.....
 Flame Tongue             Conj/Fire      #....        95%         1    ##.....
 Freeze                   Ice            #...         95%         1    ##.....
 Infusion                 Chrm           #...         95%         1    ##.....
 Pain                     Necr           #...         95%         1    ##.....
 Shock                    Conj/Air       #...         95%         1    ##.....
 Summon Small Mammal      Summ           #...         95%         1    ##.....
 Call Imp                 Summ           #.......     98%         2    ###....
 Ensorcelled Hibernation  Hex/Ice        #.....       98%         2    ###....
 Shroud of Golubria       Chrm/Tloc      #.........   98%         2    ###....
 Slow                     Hex            #.......     98%         2    ###....
 Song of Slaying          Chrm           #.......     98%         2    ###....
 Sticks to Snakes         Tmut           #.......     98%         2    ###....
 Throw Flame              Conj/Fire      #.....       98%         2    ###....
 Throw Frost              Conj/Ice       #.....       98%         2    ###....
 Call Canine Familiar     Summ           #.......     100%        3    ####...
 Conjure Flame            Conj/Fire      #.......     100%        3    ####...
 Inner Flame              Hex/Fire       #.......     100%        3    ####...
 Ozocubu's Armour         Chrm/Ice       #.......     100%        3    ####...
 Portal Projectile        Hex/Tloc       #.....       100%        3    ####...
 Regeneration             Chrm/Necr      #.........   100%        3    ####...
 Spectral Weapon          Hex/Chrm       #.......     100%        3    ####...
 Spider Form              Tmut/Pois      #.........   100%        3    ####...
 Summon Guardian Golem    Hex/Summ       #.......     100%        3    ####...
 Vampiric Draining        Necr           #.........   100%        3    ####...
 Cause Fear               Hex            #.........   100%        4    #####..
 Ice Form                 Ice/Tmut       #.......     100%        4    #####..
 Leda's Liquefaction      Hex/Erth       #.........   100%        4    #####..
 Sticky Flame             Conj/Fire      #.......     100%        4    #####..
 Summon Ice Beast         Ice/Summ       #.......     100%        4    #####..
 Summon Lightning Spire   Summ/Air       #.......     100%        4    #####..
 Throw Icicle             Conj/Ice       #.......     100%        4    #####..
 Agony                    Necr           #.......     100%        5    ######.
 Blade Hands              Tmut           #.........   100%        5    ######.
 Borgnjor's Vile Clutch   Necr/Erth      #.........   100%        5    ######.
 Fireball                 Conj/Fire      #.........   100%        5    ######.
 Silence                  Hex/Air        #.........   100%        5    ######.
 Darkness                 Hex            #.........   100%        6    #######
 Freezing Cloud           Conj/Ice/Air   #.........   100%        6    #######
 Shadow Creatures         Summ           N/A          100%        6    #######
 Haunt                    Necr/Summ      #.........   100%        7    #######
 Borgnjor's Revivificati  Necr           #.........   100%        8    #######
 Death's Door             Chrm/Necr      #.........   100%        8    #######
 Infestation              Necr           #.........   100%        8    #######
 Necromutation            Tmut/Necr      #.........   100%        8    #######


Dungeon Overview and Level Annotations

Branches:
Dungeon (15/15)            Temple (1/1) D:5            Lair (6/6) D:11
  Swamp (4/4) Lair:3        Snake (4/4) Lair:4        Slime (1/5) Lair:6
    Orc (2/2) D:10            Elf (1/3) Orc:2        Vaults (0/5) D:14
 Depths (0/5) D:15

Altars:
Ashenzari
Cheibriados
Dithmenos
Elyvilon
Fedhas
Gozag
Hepliaklqana
Kikubaaqudgha
Makhleb
Nemelex Xobeh
Okawaru
Qazlal
Ru
Sif Muna
Trog
Uskayaw
Vehumet
Wu Jian
Xom
Yredelemnul
Zin
The Shining One
Beogh

Shops:
D:10 [=   Orc:2 *}(*:   Snake:3 =}}   Snake:4 [

Annotations:
Swamp:4 Nikola


Innate Abilities, Weirdness & Mutations

You reflexively headbutt those who attack you in melee.
You have a pair of horns on your head.
You have sharp toenails.
You possess an exceptional clarity of mind.
Your flesh is heat resistant. (rF+)
You are weak. (Str -2)


Message History

The halazid warlock touches you!
* * * LOW HITPOINT WARNING * * *
You writhe in agony!
* * * LOW HITPOINT WARNING * * *
The molten gargoyle hits you but does no damage.
You fail to use your ability.
You block the ironbrand convoker's attack.
You block the halazid warlock's attack.
The molten gargoyle blasts magma at you!
The bolt of magma hits you!! You partially resist.
* * * LOW HITPOINT WARNING * * *
The bolt of magma hits the molten gargoyle!
The molten gargoyle partially resists.
The molten gargoyle hits you with a +0 morningstar.
* * * LOW HITPOINT WARNING * * *
You are engulfed in flames.
You resist.
* * * LOW HITPOINT WARNING * * *
The halazid warlock points at you and mumbles some strange words.
The bolt of negative energy hits you!!!
You feel drained.
You die...

...............#)............§.§§
..............)..........#...§§§§
.........................##...§.§
.##...........................§§§
..............................§§§
................∩.∩...........§§§
......).....................##§.§
...............999....#........§§
..............p9@9...#...........
...............LLp9..............
.........#......8.........§.§§...
.......................§.§§§§§§§§
.......................§§§§§§§§.§
.......§..................§§§§.
..........§§............§§§§..
.......§§§.§............§.§§.
.......§.§§§§§...........§..


You could see a ragged hierophant, 2 halazid warlocks, an ironbrand convoker, 6
molten gargoyles and a saltling.

Vanquished Creatures
  Jorgrun (Orc:1)
  2 thorn hunters
  Frances (Swamp:1)
  10 nagarajas
  Roxanne (Swamp:1)
  2 imperial myrmidons (Desolation)
  A frost giant (IceCv)
  Aizul (Swamp:2)
  A stone giant (D:15)
  3 dire elephants (Lair:6)
  The ghost of KinonikoII the Carver, a journeyman DsBe of Trog (D:15)
  The ghost of Descartes the Cleaver, a journeyman FoFi of Cheibriados (Lair:2)
  A crystal guardian (Desolation)
  The ghost of Acheron the Spear-Bearer, a journeyman HuHu of Okawaru (Lair:6)
  Josephine (D:15)
  Fannar (Orc:1)
  2 servants of whispers (Desolation)
  7 ragged hierophants (Desolation)
  Erolcha (D:9)
  2 ghost crabs (Swamp:1)
  24 hydras
  2 vault guards (D:14)
  10 naga warriors
  Harold (Orc:1)
  4 centaur warriors (D:15)
  2 peacekeepers (Desolation)
  Erica (D:11)
  4 shambling mangroves
  20 alligators
  15 two-headed ogres
  10 anacondas
  5 ogre magi
  7 death yaks
  Urug (D:11)
  18 naga sharpshooters
  6 shock serpents
  A sun demon (Volcano)
  A deep elf knight (Elf:1)
  18 spriggans
  Nergalle (Lair:4)
  3 spriggan druids
  4 wizards
  9 swamp dragons
  3 salamander mystics
  5 naga ritualists
  2 unseen horrors
  11 sea snakes
  2 ironbrand convokers (Desolation)
  3 lindwurms (Swamp:4)
  2 necromancers
  3 cyclopes
  A wolf spider zombie (D:11)
  9 mana vipers
  2 orc sorcerers
  3 manticores
  5 ugly things
  2 oklob plants (D:11)
  3 deep elf magi
  4 centaur zombies
  45 black mambas
  11 salamanders
  An ice statue (IceCv)
  21 elephants (Lair:6)
  16 guardian serpents
  17 naga magi
  3 molten gargoyles
  Psyche (D:11)
  20 spiny frogs
  5 komodo dragons
  A kobold demonologist (D:13)
  3 rime drakes
  3 trolls
  A queen bee (Lair:3)
  A red devil (Volcano)
  26 hornets
  10 tyrant leeches
  13 polar bears (IceCv)
  16 slime creatures
  A merfolk (shapeshifter) (D:15)
  5 blink frogs (Lair:5)
  37 saltlings (Desolation)
  8 bog bodies
  2 dream sheep (D:8)
  6 hippogriffs
  A centaur simulacrum (D:15)
  2 water elementals
  Sigmund (D:2)
  A wyvern (Lair:6)
  4 shadows
  3 wraiths (D:15)
  18 humans (D:14)
  66 yaks
  2 fire bats (Volcano)
  Grum (D:11)
  A basilisk (Lair:5)
  28 vampire mosquitoes
  4 hungry ghosts
  9 insubstantial wisps (Swamp:1)
  5 wargs
  63 nagas
  An acid dragon (D:14)
  16 swamp worms
  14 water moccasins
  5 orc warriors
  2 hell hounds (Volcano)
  9 porcupines
  11 swamp drakes
  A hornet zombie (D:10)
  3 sky beasts
  2 ice beasts
  2 black bears
  17 wolves
  27 ogres
  14 centaurs
  11 crocodiles
  6 big kobolds
  19 bullfrogs
  A wyvern zombie (D:14)
  4 scorpions
  2 wyvern skeletons
  27 killer bees
  9 wights
  3 howler monkeys
  4 electric eels
  7 lava snakes (Volcano)
  10 crimson imps
  2 bullfrog zombies
  10 hounds
  2 quasits
  3 bullfrog skeletons
  16 orc wizards
  13 orc priests
  6 jellies
  10 centaur skeletons
  5 iguanas
  10 worker ants
  A hound skeleton (D:8)
  Robin (D:3)
  16 adders
  A howler monkey skeleton (D:11)
  4 shadow imps
  6 oozes (D:1)
  An adder zombie (D:8)
  An adder skeleton (D:4)
  4 worms
  2 dart slugs
  4 leopard geckos
  55 orcs
  12 giant cockroaches
  12 goblins
  9 hobgoblins
  7 jackals
  24 kobolds
  4 quokkas
  6 ball pythons
  3 bats
  4 frilled lizards
  A quokka skeleton (D:4)
  10 rats
  A bush (Lair:6)
  2 fungi
  8 plants
1253 creatures vanquished.

Vanquished Creatures (others)
  A centaur zombie (D:15)
  A guardian serpent (Snake:4)
  An orc wizard (D:9)
  3 briar patches (Swamp:4)
  6 fungi
  9 plants
21 creatures vanquished.

Grand Total: 1274 creatures vanquished

Notes
Turn   | Place    | Note
-------+----------+-------------------------------------------
     0 | D:1      | HuneSparrow the Minotaur Fighter began the quest for the
                  | Orb.
     0 | D:1      | Reached XP level 1. HP: 19/19 MP: 0/0
     1 | D:1      | Found a runed translucent door.
   135 | D:1      | Reached XP level 2. HP: 23/27 MP: 1/1
   352 | D:1      | Reached skill level 4 in Shields
   354 | D:1      | Reached XP level 3. HP: 33/33 MP: 2/2
   740 | D:2      | Found a sacrificial altar of Ru.
   742 | D:2      | Found a deep blue altar of Sif Muna.
   742 | D:2      | Found a hazy altar of Hepliaklqana.
   826 | D:2      | Reached XP level 4. HP: 36/40 MP: 3/3
   954 | D:2      | Noticed Sigmund
   966 | D:2      | Killed Sigmund
   966 | D:2      | Reached skill level 5 in Long Blades
   966 | D:2      | Reached XP level 5. HP: 34/47 MP: 4/4
  1735 | D:3      | Reached XP level 6. HP: 53/53 MP: 5/5
  2058 | D:3      | Noticed Robin
  2079 | D:3      | Killed Robin
  2506 | D:4      | Reached skill level 5 in Shields
  2506 | D:4      | Reached XP level 7. HP: 60/60 MP: 6/6
  2519 | D:4      | Reached skill level 5 in Armour
  2888 | D:4      | Found a faded altar of an unknown god.
  2888 | D:4      | Found a faded altar of an unknown god.
  2893 | D:4      | Found a glowing silver altar of Zin.
  2895 | D:4      | Found a bloodstained altar of Trog.
  2897 | D:4      | Found a shadowy altar of Dithmenos.
  3011 | D:5      | Entered Level 5 of the Dungeon
  3118 | D:5      | Reached skill level 5 in Fighting
  3152 | D:5      | Found a glowing golden altar of the Shining One.
  3276 | D:5      | Reached XP level 8. HP: 61/68 MP: 7/7
  3324 | D:5      | Found a staircase to the Ecumenical Temple.
  3340 | Temple   | Entered the Ecumenical Temple
  3674 | D:6      | Reached skill level 6 in Shields
  3814 | D:6      | Reached skill level 10 in Long Blades
  4055 | D:7      | You fall through a shaft for 2 floors!
  4055 | D:9      | Noticed Erolcha
  4064 | D:9      | Noticed a deep elf mage
  4097 | D:9      | Noticed a hippogriff
  4111 | D:8      | Killed a hippogriff
  4187 | D:8      | Reached skill level 7 in Shields
  4223 | D:8      | Found a snail-covered altar of Cheibriados.
  4232 | D:8      | Reached XP level 9. HP: 68/75 MP: 8/8
  4636 | D:7      | Paralysed by a hornet for 3 turns
  4647 | D:7      | Reached skill level 8 in Shields
  4667 | D:7      | Got a slimy falchion
  4668 | D:7      | Identified the cursed +3 falchion of Uskayaw's Fury {slice,
                  | rF+} (You found it on level 7 of the Dungeon)
  4720 | D:7      | Found a burning altar of Makhleb.
  4727 | D:7      | Found an opulent altar of Gozag.
  4738 | D:7      | Became a worshipper of Makhleb the Destroyer
  5489 | D:8      | Reached XP level 10. HP: 84/84 MP: 9/9
  5515 | D:8      | Noticed a two-headed hydra
  5645 | D:9      | Killed a deep elf mage
  5645 | D:9      | Reached skill level 9 in Shields
  5669 | D:9      | Killed Erolcha
  5669 | D:9      | Reached * piety under Makhleb
  5712 | D:9      | Got a warped scale mail
  5723 | D:9      | Identified the cursed +0 scale mail "Ipsedema" {-Tele rF++
                  | Str+2} (You found it on level 9 of the Dungeon)
  6256 | D:9      | Reached ** piety under Makhleb
  6546 | D:9      | Reached skill level 10 in Shields
  6559 | D:9      | Reached XP level 11. HP: 94/94 MP: 10/10
  6726 | D:10     | Entered Level 10 of the Dungeon
  6750 | D:10     | Noticed a two-headed ogre
  6766 | D:10     | Killed a two-headed ogre
  6985 | D:10     | Found Qeyd's Jewellery Shop.
  7010 | D:10     | Reached *** piety under Makhleb
  7298 | D:10     | Found a staircase to the Orcish Mines.
  7300 | D:10     | Found Genuo's Armour Shoppe.
  7718 | D:11     | Noticed Psyche
  7732 | D:11     | Killed Psyche
  7850 | D:11     | Noticed Urug
  7869 | D:11     | Killed Urug
  7977 | D:11     | Noticed an oklob plant
  7977 | D:11     | Noticed an oklob plant
  8044 | D:11     | Found a staircase to the Lair.
  8081 | D:11     | Noticed Erica
  8091 | D:11     | Killed Erica
  8120 | D:11     | Identified the Volume of Sinister Flight
  8147 | D:11     | Reached skill level 15 in Long Blades
  8156 | D:11     | Reached skill level 10 in Armour
  8156 | D:11     | Reached skill level 11 in Shields
  8319 | D:11     | Noticed Grum
  8319 | D:11     | Noticed a six-headed hydra
  8338 | D:11     | Killed a three-headed hydra
  8339 | D:11     | Reached **** piety under Makhleb
  8358 | D:11     | Killed Grum
  8722 | Lair:1   | Entered Level 1 of the Lair of Beasts
  9026 | Lair:1   | Reached XP level 12. HP: 105/105 MP: 11/11
  9679 | Lair:2   | Noticed Descartes's ghost (journeyman FoFi)
  9680 | Lair:2   | Found a runed translucent door.
 10361 | Lair:3   | Reached skill level 12 in Shields
 10362 | Lair:3   | Reached skill level 10 in Fighting
 10384 | Lair:3   | Noticed a five-headed hydra
 10394 | Lair:3   | Killed a two-headed hydra
 10445 | Lair:3   | Noticed a five-headed hydra
 10457 | Lair:3   | Killed a three-headed hydra
 10569 | Lair:3   | Reached ***** piety under Makhleb
 10695 | Lair:3   | Noticed a four-headed hydra
 10705 | Lair:3   | Killed a one-headed hydra
 10733 | Lair:3   | Identified 2 scrolls of acquirement
 10867 | Lair:3   | Noticed a seven-headed hydra
 10878 | Lair:3   | Killed a five-headed hydra
 10998 | Lair:3   | Noticed a five-headed hydra
 11005 | Lair:3   | Killed a two-headed hydra
 11005 | Lair:3   | Reached skill level 13 in Shields
 11108 | Lair:3   | Found a staircase to the Swamp.
 11426 | Lair:4   | Noticed Nergalle
 11436 | Lair:4   | Killed Nergalle
 11436 | Lair:4   | Reached XP level 13. HP: 115/115 MP: 12/12
 11457 | Lair:4   | Found a dark tunnel.
 11482 | Volcano  | Entered a volcano
 11703 | Volcano  | Found a burning altar of Makhleb.
 12469 | D:10     | Bought the +4 chain mail of Action {+Blink rC+++ Regen+
                  | Str-3} for 739 gold pieces
 12759 | Lair:4   | Found a staircase to the Snake Pit.
 13044 | Lair:4   | Reached skill level 14 in Shields
 13946 | Lair:5   | Reached skill level 15 in Shields
 14532 | Lair:6   | Entered Level 6 of the Lair of Beasts
 14580 | Lair:6   | Found a runed translucent gate.
 14580 | Lair:6   | Found a runed translucent gate.
 14580 | Lair:6   | Found a runed translucent gate.
 14598 | Lair:6   | Reached XP level 14. HP: 125/125 MP: 13/13
 14613 | Lair:6   | Reached ****** piety under Makhleb
 14629 | Lair:6   | Noticed Acheron's ghost (journeyman HuHu)
 14642 | Lair:6   | Found a staircase to the Slime Pits.
 14725 | Lair:2   | Killed Descartes's ghost
 15115 | Lair:6   | Found an ancient bone altar of Kikubaaqudgha.
 15760 | Lair:6   | Reached skill level 16 in Shields
 16247 | Orc:1    | Entered Level 1 of the Orcish Mines
 16259 | Orc:1    | Noticed Jorgrun
 16281 | Orc:1    | Killed Jorgrun
 16302 | Orc:1    | Found a shimmering altar of Xom.
 16314 | Orc:1    | Noticed Harold
 16345 | Orc:1    | Killed Harold
 16495 | Orc:1    | Found a roughly hewn altar of Beogh.
 16684 | Orc:2    | Entered Level 2 of the Orcish Mines
 16798 | Orc:2    | Found Zepsux's Weapon Boutique.
 16869 | Orc:2    | Found Satoegg's Assorted Antiques.
 16878 | Orc:2    | Bought a large granite ring for 140 gold pieces
 16894 | Orc:2    | Found a staircase to the Elven Halls.
 17196 | Orc:2    | Paralysed by an ogre mage for 4 turns
 17414 | Orc:2    | Reached XP level 15. HP: 133/134 MP: 14/14
 17445 | Orc:2    | Reached skill level 17 in Shields
 17513 | Orc:2    | Found Cuarumn's Book Emporium.
 17514 | Orc:2    | Found Cuddagav's Gadget Shoppe.
 17514 | Orc:2    | Found Meh Ifew's General Store.
 17804 | Orc:1    | Noticed Fannar
 17814 | Orc:1    | Killed Fannar
 18149 | Snake:1  | Entered Level 1 of the Snake Pit
 18232 | Lair:4   | Gained mutation: You are partially covered in rugged brown
                  | scales. (AC +1, +3% HP) [potion of mutation]
 18232 | Lair:4   | Gained mutation: You are frail. (-10% HP) [potion of
                  | mutation]
 18232 | Lair:4   | Lost mutation: You are frail. (-10% HP) [potion of
                  | mutation]
 18232 | Lair:4   | Gained mutation: You expend magic power (3 MP) to
                  | strengthen your wands. [potion of mutation]
 18235 | Lair:4   | Lost mutation: You are partially covered in rugged brown
                  | scales. (AC +1, +3% HP) [potion of mutation]
 18235 | Lair:4   | Lost mutation: You expend magic power (3 MP) to strengthen
                  | your wands. [potion of mutation]
 18235 | Lair:4   | Gained mutation: You have sharp toenails. [potion of
                  | mutation]
 18235 | Lair:4   | Gained mutation: Scrolls take you a little longer to read.
                  | [potion of mutation]
 18235 | Lair:4   | Gained mutation: Your spells are a little harder to cast,
                  | but a little more powerful. [potion of mutation]
 18236 | Lair:4   | Lost mutation: You have sharp toenails. [potion of
                  | mutation]
 18236 | Lair:4   | Lost mutation: Scrolls take you a little longer to read.
                  | [potion of mutation]
 18236 | Lair:4   | Lost mutation: Your spells are a little harder to cast, but
                  | a little more powerful. [potion of mutation]
 18236 | Lair:4   | Gained mutation: You have sharp toenails. [potion of
                  | mutation]
 18236 | Lair:4   | Gained mutation: You have razor-sharp toenails. [potion of
                  | mutation]
 18243 | Lair:4   | Lost mutation: You have razor-sharp toenails. [potion of
                  | mutation]
 18243 | Lair:4   | Lost mutation: You have sharp toenails. [potion of
                  | mutation]
 18243 | Lair:4   | Gained mutation: You are agile. (Dex +2) [potion of
                  | mutation]
 18243 | Lair:4   | Gained mutation: You tend to lose your temper in combat.
                  | [potion of mutation]
 18243 | Lair:4   | Gained mutation: Your natural rate of healing is unusually
                  | fast. [potion of mutation]
 18995 | Slime:1  | Entered Level 1 of the Pits of Slime
 19505 | Snake:2  | Noticed a nagaraja
 19908 | D:12     | Found a frozen archway.
 19924 | IceCv    | Entered an ice cave
 20301 | IceCv    | Noticed a frost giant
 20338 | IceCv    | Killed a frost giant
 20338 | IceCv    | Reached skill level 18 in Shields
 20755 | D:12     | Lost mutation: You tend to lose your temper in combat.
                  | [potion of mutation]
 20755 | D:12     | Lost mutation: Your natural rate of healing is unusually
                  | fast. [potion of mutation]
 20755 | D:12     | Lost mutation: You are agile. (Dex +2) [potion of mutation]
 20755 | D:12     | Gained mutation: You have sharp toenails. [potion of
                  | mutation]
 20755 | D:12     | Gained mutation: You are weak. (Str -2) [potion of
                  | mutation]
 20755 | D:12     | Gained mutation: You possess an exceptional clarity of
                  | mind. [potion of mutation]
 20755 | D:12     | Gained mutation: Your flesh is heat resistant. (rF+)
                  | [potion of mutation]
 22502 | D:14     | Reached XP level 16. HP: 146/146 MP: 15/15
 22599 | D:14     | Found a shadowy altar of Dithmenos.
 22803 | D:14     | Found a gate to the Vaults.
 23024 | D:15     | Entered Level 15 of the Dungeon
 23027 | D:15     | Noticed Josephine
 23042 | D:15     | Killed Josephine
 23075 | D:15     | Found a shadowy altar of Dithmenos.
 23285 | D:15     | Noticed KinonikoII's ghost (journeyman DsBe)
 23286 | D:15     | Found a runed translucent gate.
 23287 | D:15     | Found the amulet of Vitality {Regen+ HP+15}
 23287 | D:15     | Found a runed translucent gate.
 23287 | D:15     | Found a runed translucent gate.
 23307 | D:15     | Reached skill level 19 in Shields
 23656 | D:15     | Found a staircase to the Depths.
 23906 | D:15     | Killed KinonikoII's ghost
 23953 | D:15     | Reached skill level 1 in Invocations
 23974 | D:15     | Got an amber-encrusted ring mail
 23985 | D:15     | Identified the +4 ring mail of Valour {-Cast rPois Int+4}
                  | (You found it on level 15 of the Dungeon)
 24813 | Snake:4  | Entered Level 4 of the Snake Pit
 24833 | Snake:4  | HP: 8/162 [shock serpent/bolt of electricity (22)]
 24839 | Snake:4  | HP: 3/162 [shock serpent/bolt of electricity (11)]
 25018 | Snake:4  | Found Rajueruo's Armour Shoppe.
 25042 | Snake:4  | Reached skill level 1 in Evocations
 25232 | Snake:4  | Reached skill level 15 in Fighting
 25263 | Snake:4  | Reached skill level 20 in Shields
 26383 | Snake:4  | Reached XP level 17. HP: 156/156 MP: 17/17
 27624 | Snake:4  | Reached skill level 21 in Shields
 28493 | Snake:4  | Got a serpentine rune of Zot
 29356 | Snake:3  | Found Ritsik's Gadget Boutique.
 29358 | Snake:3  | Found Pofid's Jewellery Emporium.
 29359 | Snake:3  | Found Binlonui's Gadget Boutique.
 30230 | Lair:6   | Killed Acheron's ghost
 30322 | Swamp:1  | Entered Level 1 of the Swamp
 30411 | Swamp:1  | Reached XP level 18. HP: 166/166 MP: 18/18
 30537 | Swamp:1  | Reached skill level 22 in Shields
 31158 | Swamp:1  | Identified Roxanne's Volume of Moulding
 31158 | Swamp:1  | Noticed Roxanne
 31182 | Swamp:1  | Killed Roxanne
 31470 | Swamp:1  | Noticed Frances
 31491 | Swamp:1  | Killed Frances
 31797 | Swamp:2  | Reached skill level 15 in Armour
 32012 | Swamp:2  | Noticed Aizul
 32049 | Swamp:2  | Killed Aizul
 32218 | Swamp:2  | Found a shattered altar of Ashenzari.
 33603 | Swamp:4  | Entered Level 4 of the Swamp
 33747 | Swamp:4  | Reached skill level 23 in Shields
 34317 | Swamp:4  | Got a decaying rune of Zot
 34343 | Swamp:4  | Noticed Nikola
 34861 | Elf:1    | Entered Level 1 of the Elven Halls
 34929 | Elf:1    | Found a ruined gateway.
 34954 | Desolati | Entered the Desolation of Salt
 35021 | Desolati | Reached XP level 19. HP: 177/177 MP: 19/19
 35847 | Desolati | Killed from afar by a halazid warlock

Skill      XL: |  1  2  3  4  5  6  7  8  9 10 11 12 13 14 15 16 17 18 |
---------------+-------------------------------------------------------+-----
Armour         | 4 5 6 7 8 10 11 12 13 14 15 | 15.6
Fighting       | 4 5 6 7 9 10 11 12 14 15 16 17 | 17.4
Long Blades    | 3 5 6 7 8 10 12 14 15 16 17 18 19 20 21 | 21.6
Shields        | 4 5 7 8 10 11 13 15 16 18 20 21 23 | 23.9
Invocations    | 1 |  1.3
Evocations     | 1 |  1.2

Action                   |  1- 3 |  4- 6 |  7- 9 | 10-12 | 13-15 | 16-18 | 19-21 || total
-------------------------+-------+-------+-------+-------+-------+-------+-------++-------
Melee: Long sword        |    82 |   188 |   103 |       |       |       |       ||   373
       Headbutt          |    12 |    27 |    74 |   162 |   379 |   447 |    64 ||  1165
       Falchion          |       |       |   304 |   399 |    94 |       |       ||   797
       Scimitar          |       |       |       |   338 |  1228 |  2145 |   280 ||  3991
       Kick              |       |       |       |       |    51 |       |       ||    51
Invok: Greater Servant o |       |       |       |       |       |     2 |       ||     2
 Abil: Evoke Blink       |       |       |       |       |     2 |     4 |       ||     6
Evoke: Wand              |       |       |       |       |     2 |       |       ||     2
  Use: Potion            |       |     1 |     2 |     1 |     6 |     5 |     1 ||    16
       Scroll            |       |       |     9 |    14 |     6 |    12 |       ||    41
 Stab: Invisible         |       |       |       |       |     1 |       |       ||     1
  Eat: Chunk             |       |     6 |     9 |    18 |    31 |    26 |       ||    90
       Ration            |       |       |       |     1 |     2 |     5 |     1 ||     9
Armor: Scale mail        |    37 |    17 |       |       |     9 |       |       ||    63
       Plate armour      |       |    70 |   297 |   265 |     2 |       |       ||   634
       Chain mail        |       |       |       |       |   303 |   597 |    90 ||   990
       Skin              |       |       |       |       |       |    12 |       ||    12
Dodge: Dodged            |    17 |    38 |    84 |   115 |   129 |   280 |    42 ||   705
Block: Shield            |    33 |    80 |   255 |   338 |       |       |       ||   706
       Large shield      |       |       |       |    54 |  1122 |  2212 |   327 ||  3715
       Rpst.: Long sword |     1 |    10 |     4 |       |       |       |       ||    15
       Falchion          |       |       |    13 |     7 |     4 |       |       ||    24
       Scimitar          |       |       |       |    13 |    23 |    53 |     6 ||    95
